 Dungeon Crawl Stone Soup version 0.27-a0-1119-gbf574a6a6b (webtiles) character file.

Game seed: 16297385326334238906

109 Zeld the Skirmisher (level 4, -6/33 HPs)
             Began as an Octopode Fighter on May 2, 2021.
             Mangled by an ice beast (11 damage)
             ... on level 4 of the Dungeon.
             The game lasted 00:00:58 (683 turns).

Zeld the Skirmisher (Octopode Fighter)               Turns: 683, Time: 00:00:59

Health: -6/33      AC:  1    Str: 16    XL:     4   Next: 90%
Magic:  4/4        EV: 11    Int: 10    God:
Gold:   70         SH:  9    Dex: 11    Spells: 3/3 levels left

rFire    . . .     SeeInvis .   a - +0 war axe
rCold    . . .     Faith    .   b - +0 kite shield
rNeg     . . .     Spirit   .   (helmet restricted)
rPois    .         Reflect  .   (no amulet)
rElec    .         Harm     .   (no ring)
rCorr    .         Rampage  .   (no ring)
Will     .....                  (no ring)
Stlth    ++........             (no ring)
HPRegen  0.11/turn              (no ring)
MPRegen  0.09/turn              (no ring)
                                (no ring)
                                (no ring)

@: no status effects
A: almost no armour, amphibious, 8 rings, camouflage 1, gelatinous body 1,
(nimble swimmer 1), tentacles
a: no special abilities


You were on level 4 of the Dungeon.
You visited 1 branch of the dungeon, and saw 4 of its levels.

You collected 70 gold pieces.

Inventory:

Hand Weapons
 a - a +0 war axe (weapon)
Missiles
 d - 2 boomerangs (quivered)
Armour
 b - a +0 kite shield (worn)
Scrolls
 e - a scroll of vulnerability {unknown}
Potions
 c - a potion of might


   Skills:
 * Level 3.9 Fighting
 * Level 3.2 Axes
 - Level 3.0 Dodging
 * Level 3.9 Shields


You had 3 spell levels left.
You didn't know any spells.
Your spell library was empty.

Dungeon Overview and Level Annotations

Branches:
Dungeon (4/15)
 Temple: D:4-7

Altars:


Innate Abilities, Weirdness & Mutations

You cannot wear most types of armour.
You are amphibious.
You can wear up to eight rings at the same time.
Your skin changes colour to match your surroundings (Stealth+).
Your rubbery body absorbs attacks. (AC +1, EV +1)
((You are camouflaged near water. (Stealth+)))
You have tentacles for arms and can constrict up to eight enemies at once.


Message History

The hobgoblin hits you.
Found a scroll labelled ASSOBA ZUERHI.
The hobgoblin hits you.
You hit the hobgoblin. Your grab misses the hobgoblin.
Your squeeze misses the hobgoblin.
The hobgoblin is heavily wounded.
The hobgoblin closely misses you. The hobgoblin hits you.
You slash the hobgoblin!
You kill the hobgoblin!
No target in view!
No target in view!
You now have 70 gold pieces (gained 16).
e - a scroll labelled ASSOBA ZUERHI A goblin comes into view.
It is wielding a +0 club.
A goblin is nearby!
A goblin is nearby!
Found a stone staircase leading down.
The goblin shouts!
You slash the goblin!
You kill the goblin!
No target in view!
Found a stone staircase leading up.
Found an escape hatch in the ceiling.
An adder skeleton comes into view.
Found 14 gold pieces.
An adder skeleton is nearby!
An adder skeleton is nearby!
An ice beast comes into view.
You slash the adder skeleton! Your grab misses the adder skeleton.
You squeeze the adder skeleton.
You destroy the adder skeleton!
The ice beast hits you. The ice beast freezes you!
You hit the ice beast.
The ice beast is lightly wounded.
The ice beast hits you. The ice beast freezes you!
* * * LOW HITPOINT WARNING * * *
The ice beast hits you.
* * * LOW HITPOINT WARNING * * *
The ice beast freezes you!
You die...

......## .##.#..#
.......####
...#..####........#.##
..##.......$.........
.......##...........###
......................#
.....................#
..............##Y..#
........... #.##@.#
(.......#.. #....##
.......##..##.####
...##.## #.....#.###
..###..####........#######
...##....<....##.........#
..##..........#..<.......#
..###......#.###........##
.............#..........#


You could see an ice beast.

Vanquished Creatures
  A necrophage (D:4)
  2 adder skeletons (D:4)
  An orc (D:4)
  3 endoplasms
  A giant cockroach (D:2)
  A hobgoblin (D:4)
  2 goblins
  A kobold (D:2)
12 creatures vanquished.

Notes
Turn   | Place    | Note
-------+----------+-------------------------------------------
     0 | D:1      | Zeld the Octopode Fighter began the quest for the Orb.
     0 | D:1      | Reached XP level 1. HP: 16/16 MP: 1/1
   373 | D:4      | Reached XP level 2. HP: 21/21 MP: 2/2
   410 | D:4      | Noticed a necrophage
   419 | D:4      | Killed a necrophage
   420 | D:4      | Reached XP level 3. HP: 27/27 MP: 3/3
   420 | D:4      | Reached XP level 4. HP: 33/33 MP: 4/4
   680 | D:4      | Noticed an ice beast
   683 | D:4      | Mangled by an ice beast

Illustrated notes

Levels and vault maps discovered:
D:1:      dpeg_arrival_castle, layout_basic, basic_ecumenical_altar
D:2:      layout_loops_ring, kennysheep_pointless_box,
          kennysheep_generic_room_13
D:3:      layout_rooms, guppyfry_early_orc_mine
D:4:      layout_cave_pools

Skill      XL: |  1  2 |
---------------+-------+-----
Axes           | 3 |  3.2
Fighting       | |  3.9
Dodging        | |  3.0
Shields        | |  3.9

Action                   |  1- 3 |  4- 6 || total
-------------------------+-------+-------++-------
Melee: War axe           |    15 |     9 ||    24
       Constrict         |     4 |     1 ||     5
       Tentacles         |     1 |     2 ||     3
 Stab: Sleeping          |     1 |       ||     1
Armor: Skin              |     1 |       ||     1
Dodge: Dodged            |    10 |     2 ||    12
Block: Kite shield       |     4 |       ||     4

Table legend: (Time is in decaauts)
 A = Elapsed time spent in this place.
 B = Non-inter-level travel time spent in this place.
 C = Inter-level travel time spent in this place.
 D = Time resting spent in this place.
 E = Time spent auto-exploring this place.
 F = Levels seen in this place.
 G = Mean time per level.
                   A        B        C        D        E       F      G
               +--------+--------+--------+--------+--------+-----+--------+
         Total |    696 |    670 |     26 |      0 |    543 |   4 |  174.0 |
       Dungeon |    696 |    670 |     26 |      0 |    543 |   4 |  174.0 |
               +--------+--------+--------+--------+--------+-----+--------+

Top non-repeatable levels by time:
     D:4: 349 daAuts
     D:2: 237 daAuts
     D:1: 92 daAuts
     D:3: 17 daAuts
